Ducks vs Canucks

Created - November 24 2007 at 20:03

Goals
1 2 3 T
Ducks 1 0 0 1
Canucks 1 1 0 2
Shots
1 2 3 T
Ducks 9 15 6 30
Canucks 9 8 5 22

Period #1

1. Ducks , Petr Cajanek 6 (Mike Sillinger, Chris Pronger) at 8:46
2. Canucks , Robert Lang 12 (Andrei Markov) at 9:31

Penalties :
Alexei Kovalev (VAN) for Goalie Interference (Minor) at 0:15, Paul Stastny (ANA) for Hooking (Minor) at 0:24, Maxim Lapierre (VAN) for Hooking (Minor) at 6:44, Sergei Fedorov (VAN) for Roughing (Minor) at 10:43, Bryan Allen (ANA) for Hooking (Minor) at 14:41, Bryan Allen (ANA) for High sticking (Minor) at 17:18

Period #2

3. Canucks , Stephen Weiss 5 (Dustin Brown, Andrei Markov) at 17:16 (PP)

Penalties :
Mike Sillinger (ANA) for Holding Stick (Minor) at 2:35, Nikolai Zherdev (VAN) for Hooking (Minor) at 4:55, Chris Pronger (ANA) for High sticking (Minor) at 7:08, Andrei Markov (VAN) for Holding (Minor) at 10:05, Mike Fisher (ANA) for High sticking (Minor) at 10:05, Martin Skoula (VAN) for Hooking (Minor) at 12:27, Bryan Allen (ANA) for Hooking (Minor) at 16:39, Rob Niedermayer (ANA) for Tripping (Minor) at 18:23

Period #3

No Goal

Penalties :
Steven Reinprecht (VAN) for Hooking (Minor) at 6:01, Andrew Brunette (ANA) for Hooking (Minor) at 6:01, Dustin Brown (VAN) for Interference (Minor) at 13:51, Sergei Fedorov (VAN) for Holding Stick (Minor) at 18:01

Goalie Stats

Jean-Sebastien Giguere (ANA), 20 saves from 22 shots - (0.909), L, 17-7-1, 59:11 minutes
Evgeni Nabokov (VAN), 29 saves from 30 shots - (0.967), W, 13-12-1, 60:00 minutes

Players Stats

Ducks
Player Name              G  A  P  +/- PIM S  H  SB FO MP 
-----------------------------------------------------------
Andrew Brunette          0  0  0   0  2   2  0  0  0  16 
Ben Guite                0  0  0   0  0   1  1  0  0  7  
Bryan Allen              0  0  0   0  6   1  5  0  0  23 
Chris Pronger            0  1  1   1  2   4  1  2  0  22 
Daniel Sedin             0  0  0  -1  0   6  2  0  0  20 
Francois Beauchemin      0  0  0  -1  0   0  0  0  0  21 
Hal Gill                 0  0  0   1  0   0  1  1  0  15 
Henrik Sedin             0  0  0  -1  0   1  2  1  33 21 
Marek Malik              0  0  0   0  0   0  0  1  0  19 
Mike Fisher              0  0  0  -1  2   2  1  0  2  22 
Mike Sillinger           0  1  1   1  2   2  3  0  0  16 
Paul Stastny             0  0  0   0  2   1  2  0  22 21 
Petr Cajanek             1  0  1   1  0   2  1  0  13 11 
Rob Niedermayer          0  0  0   1  2   2  3  0  0  11 
Scott Niedermayer        0  0  0  -1  0   4  1  3  0  25 
Todd Marchant            0  0  0   0  0   1  1  0  23 12 
Travis Green             0  0  0   0  0   1  1  0  0  6  
Tuomo Ruutu              0  0  0   0  0   0  3  0  1  14 
Canucks
Player Name              G  A  P  +/- PIM S  H  SB FO MP 
-----------------------------------------------------------
Alexei Kovalev           0  0  0   1  2   4  2  0  3  18 
Anders Eriksson          0  0  0   0  0   0  2  0  0  22 
Andrei Markov            0  2  2   1  2   1  0  0  0  19 
Brad Richardson          0  0  0   0  0   1  3  1  2  19 
Dustin Brown             0  1  1  -1  2   0  4  0  2  19 
Ed Jovanovski            0  0  0   1  0   0  0  0  0  12 
Martin Skoula            0  0  0   0  2   0  0  2  0  10 
Matt Cullen              0  0  0   0  0   1  2  0  21 19 
Maxim Lapierre           0  0  0   0  2   0  0  0  0  10 
Mike Commodore           0  0  0  -1  0   1  1  1  0  20 
Nikolai Zherdev          0  0  0   0  2   2  1  0  0  16 
Radek Bonk               0  0  0   0  0   1  1  0  19 13 
Radim Vrbata             0  0  0  -1  0   1  3  0  1  16 
Robert Lang              1  0  1   1  0   2  2  0  21 15 
Ron Hainsey              0  0  0   0  0   0  1  0  0  25 
Sergei Fedorov           0  0  0  -1  4   3  0  0  0  20 
Stephen Weiss            1  0  1  -1  0   4  0  0  24 16 
Steven Reinprecht        0  0  0   1  2   1  0  0  1  12 

3 Stars

1 - Evgeni Nabokov (VAN)
2 - Robert Lang (VAN)
3 - Petr Cajanek (ANA)

Power Play

Ducks - 0 on 7 Attempt(s) - 0.00%
Canucks - 1 on 7 Attempt(s) - 14.29%

Penalty Kill

Ducks - 6 on 7 Attempt(s) - 85.71% - Score 0 goal in Penalty Kill
Canucks - 7 on 7 Attempt(s) - 100.00% - Score 0 goal in Penalty Kill

Game Notes

No Game Note

Finance

Level 1 -- Attendance: 5632 (86.64%) -- Ticket Income $450,560.00
Level 2 -- Attendance: 2949 (53.62%) -- Ticket Income $191,685.00
Level 3 -- Attendance: 951 (44.40%) -- Ticket Income $47,550.00
Level 4 -- Attendance: 2610 (65.24%) -- Ticket Income $65,250.00
Luxury Box -- Attendance: 593 (59.28%) -- Ticket Income $148,250.00
Game was played at the General Motors Place
Total Attendance: 12735 (66.53%)
Total Ticket Income: $965,525.30
Other Income: $143,968.80
Total Income: $1,109,494.00


Play by Play

Period #1

0:01 of 1st period - Robert Lang wins face-off versus Henrik Sedin in neutral zone.
0:15 of 1st period - Minor Penalty to Alexei Kovalev for Goalie Interference.
0:16 of 1st period - Matt Cullen wins face-off versus Paul Stastny in Canucks zone.
0:24 of 1st period - Minor Penalty to Paul Stastny for Hooking.
0:25 of 1st period - Radek Bonk wins face-off versus Henrik Sedin in neutral zone.
1:01 of 1st period - Shot by Nikolai Zherdev.
1:01 of 1st period - Shot Blocked by Chris Pronger.
2:37 of 1st period - Shot by Alexei Kovalev.
2:37 of 1st period - Stopped by Jean-Sebastien Giguere with a rebound.
3:00 of 1st period - Shot by Radek Bonk.
3:00 of 1st period - Stopped by Jean-Sebastien Giguere without a rebound.
3:01 of 1st period - Matt Cullen wins face-off versus Paul Stastny in Ducks zone.
3:13 of 1st period - Off-side.
3:14 of 1st period - Dustin Brown wins face-off versus Henrik Sedin in neutral zone.
3:17 of 1st period - Shot by Sergei Fedorov.
3:17 of 1st period - Shot Blocked by Henrik Sedin.
3:41 of 1st period - Shot by Daniel Sedin.
3:41 of 1st period - Shot Misses the Net.
3:53 of 1st period - Shot by Mike Fisher.
3:53 of 1st period - Shot Misses the Net.
4:22 of 1st period - Icing by Marek Malik.
4:23 of 1st period - Paul Stastny wins face-off versus Matt Cullen in Ducks zone.
5:08 of 1st period - Ron Hainsey is hit by Tuomo Ruutu.
5:17 of 1st period - Icing by Matt Cullen.
5:18 of 1st period - Matt Cullen wins face-off versus Petr Cajanek in Canucks zone.
5:26 of 1st period - Icing by Bryan Allen.
5:27 of 1st period - Robert Lang wins face-off versus Petr Cajanek in Ducks zone.
5:35 of 1st period - Ed Jovanovski is hit by Bryan Allen and loses puck.
5:39 of 1st period - Icing by Hal Gill.
5:40 of 1st period - Petr Cajanek wins face-off versus Dustin Brown in Ducks zone.
6:12 of 1st period - Dustin Brown is hit by Hal Gill and loses puck.
6:16 of 1st period - Icing by Hal Gill.
6:17 of 1st period - Alexei Kovalev wins face-off versus Petr Cajanek in Ducks zone.
6:17 of 1st period - Alexei Kovalev is hit by Bryan Allen.
6:29 of 1st period - Shot by Alexei Kovalev.
6:29 of 1st period - Stopped by Jean-Sebastien Giguere without a rebound.
6:30 of 1st period - Henrik Sedin wins face-off versus Radek Bonk in Ducks zone.
6:44 of 1st period - Minor Penalty to Maxim Lapierre for Hooking.
6:45 of 1st period - Henrik Sedin wins face-off versus Matt Cullen in Canucks zone.
7:19 of 1st period - Shot by Mike Fisher.
7:19 of 1st period - Stopped by Evgeni Nabokov without a rebound.
7:20 of 1st period - Paul Stastny wins face-off versus Radek Bonk in Canucks zone.
7:20 of 1st period - Paul Stastny is hit by Radek Bonk.
8:02 of 1st period - Shot by Scott Niedermayer.
8:02 of 1st period - Stopped by Evgeni Nabokov with a rebound.
8:25 of 1st period - Off-side.
8:26 of 1st period - Henrik Sedin wins face-off versus Matt Cullen in neutral zone.
8:26 of 1st period - Henrik Sedin is hit by Brad Richardson.
8:32 of 1st period - Shot by Chris Pronger.
8:32 of 1st period - Stopped by Evgeni Nabokov without a rebound.
8:33 of 1st period - Matt Cullen wins face-off versus Henrik Sedin in Canucks zone.
8:46 of 1st period - Shot by Mike Sillinger.
8:46 of 1st period - Deflect By Petr Cajanek.
8:46 of 1st period - Goal by Petr Cajanek - Ducks : 1 - Canucks : 0.
8:47 of 1st period - Petr Cajanek wins face-off versus Steven Reinprecht in neutral zone.
9:09 of 1st period - Icing by Ed Jovanovski.
9:10 of 1st period - Robert Lang wins face-off versus Henrik Sedin in Canucks zone.
9:31 of 1st period - Shot by Robert Lang.
9:31 of 1st period - Goal by Robert Lang - Ducks : 1 - Canucks : 1.
9:32 of 1st period - Stephen Weiss wins face-off versus Todd Marchant in neutral zone.
9:45 of 1st period - Shot by Ben Guite.
9:45 of 1st period - Stopped by Evgeni Nabokov without a rebound.
9:46 of 1st period - Matt Cullen wins face-off versus Paul Stastny in Canucks zone.
9:51 of 1st period - Paul Stastny is hit by Brad Richardson and loses puck.
10:21 of 1st period - Shot by Brad Richardson.
10:21 of 1st period - Stopped by Jean-Sebastien Giguere without a rebound.
10:22 of 1st period - Henrik Sedin wins face-off versus Stephen Weiss in Ducks zone.
10:22 of 1st period - Henrik Sedin is hit by Radim Vrbata.
10:35 of 1st period - Daniel Sedin is hit by Dustin Brown and loses puck.
10:43 of 1st period - Minor Penalty to Sergei Fedorov for Roughing.
10:44 of 1st period - Paul Stastny wins face-off versus Radek Bonk in Canucks zone.
10:47 of 1st period - Shot by Andrew Brunette.
10:47 of 1st period - Stopped by Evgeni Nabokov without a rebound.
10:48 of 1st period - Henrik Sedin wins face-off versus Radek Bonk in Canucks zone.
10:53 of 1st period - Shot by Daniel Sedin.
10:53 of 1st period - Shot Blocked by Mike Commodore.
10:55 of 1st period - Shot by Mike Fisher.
10:55 of 1st period - Shot Misses the Net.
10:57 of 1st period - Shot by Daniel Sedin.
10:57 of 1st period - Deflect By Mike Fisher.
10:57 of 1st period - Shot Misses the Net.
11:01 of 1st period - Shot by Henrik Sedin.
11:01 of 1st period - Shot Blocked by Martin Skoula.
11:03 of 1st period - Shot by Mike Fisher.
11:03 of 1st period - Stopped by Evgeni Nabokov without a rebound.
11:04 of 1st period - Matt Cullen wins face-off versus Paul Stastny in Canucks zone.
11:39 of 1st period - Shot by Scott Niedermayer.
11:39 of 1st period - Shot Blocked by Martin Skoula.
12:40 of 1st period - Shot by Daniel Sedin.
12:40 of 1st period - Deflect By Henrik Sedin.
12:40 of 1st period - Shot Misses the Net.
12:44 of 1st period - Shot by Daniel Sedin.
12:44 of 1st period - Shot Misses the Net.
12:56 of 1st period - Shot by Mike Sillinger.
12:56 of 1st period - Deflect By Petr Cajanek.
12:56 of 1st period - Stopped by Evgeni Nabokov without a rebound.
12:57 of 1st period - Stephen Weiss wins face-off versus Todd Marchant in Canucks zone.
13:52 of 1st period - Icing by Chris Pronger.
13:53 of 1st period - Robert Lang wins face-off versus Todd Marchant in Ducks zone.
14:30 of 1st period - Shot by Daniel Sedin.
14:30 of 1st period - Stopped by Evgeni Nabokov without a rebound.
14:31 of 1st period - Matt Cullen wins face-off versus Petr Cajanek in Canucks zone.
14:41 of 1st period - Minor Penalty to Bryan Allen for Hooking.
14:42 of 1st period - Todd Marchant wins face-off versus Stephen Weiss in Ducks zone.
14:59 of 1st period - Shot by Stephen Weiss.
14:59 of 1st period - Stopped by Jean-Sebastien Giguere without a rebound.
15:00 of 1st period - Robert Lang wins face-off versus Todd Marchant in Ducks zone.
15:00 of 1st period - Robert Lang is hit by Mike Sillinger.
15:02 of 1st period - Shot by Ed Jovanovski.
15:02 of 1st period - Shot Misses the Net.
15:17 of 1st period - Icing by Ron Hainsey.
15:18 of 1st period - Todd Marchant wins face-off versus Robert Lang in Canucks zone.
15:18 of 1st period - Scott Niedermayer is hit by Robert Lang and loses puck.
16:38 of 1st period - Hal Gill is hit by Alexei Kovalev and loses puck.
16:46 of 1st period - Brad Richardson is hit by Rob Niedermayer and loses puck.
17:01 of 1st period - Matt Cullen is hit by Rob Niedermayer.
17:18 of 1st period - Minor Penalty to Bryan Allen for High sticking.
17:19 of 1st period - Todd Marchant wins face-off versus Radim Vrbata in neutral zone.
17:31 of 1st period - Shot by Sergei Fedorov.
17:31 of 1st period - Shot Blocked by Scott Niedermayer.
17:33 of 1st period - Shot by Sergei Fedorov.
17:33 of 1st period - Stopped by Jean-Sebastien Giguere with a rebound.
17:35 of 1st period - Shot by Sergei Fedorov.
17:35 of 1st period - Stopped by Jean-Sebastien Giguere without a rebound.
17:36 of 1st period - Paul Stastny wins face-off versus Robert Lang in Ducks zone.
17:36 of 1st period - Paul Stastny is hit by Alexei Kovalev.
18:13 of 1st period - Scott Niedermayer is hit by Robert Lang and loses puck.
18:42 of 1st period - Shot by Sergei Fedorov.
18:42 of 1st period - Shot Misses the Net.
18:44 of 1st period - Shot by Stephen Weiss.
18:44 of 1st period - Stopped by Jean-Sebastien Giguere without a rebound.
18:45 of 1st period - Todd Marchant wins face-off versus Stephen Weiss in Ducks zone.
18:51 of 1st period - Icing by Radim Vrbata.
18:52 of 1st period - Stephen Weiss wins face-off versus Todd Marchant in Canucks zone.
19:07 of 1st period - Shot by Dustin Brown.
19:07 of 1st period - Shot Misses the Net.
19:22 of 1st period - Icing by Francois Beauchemin.
19:23 of 1st period - Matt Cullen wins face-off versus Henrik Sedin in Ducks zone.

Period #2

0:01 of 2nd period - Henrik Sedin wins face-off versus Robert Lang in neutral zone.
1:54 of 2nd period - Off-side.
1:55 of 2nd period - Todd Marchant wins face-off versus Brad Richardson in neutral zone.
2:07 of 2nd period - Todd Marchant is hit by Matt Cullen and loses puck.
2:11 of 2nd period - Icing by Anders Eriksson.
2:12 of 2nd period - Matt Cullen wins face-off versus Henrik Sedin in Canucks zone.
2:14 of 2nd period - Icing by Nikolai Zherdev.
2:15 of 2nd period - Henrik Sedin wins face-off versus Brad Richardson in Canucks zone.
2:30 of 2nd period - Shot by Scott Niedermayer.
2:30 of 2nd period - Stopped by Evgeni Nabokov without a rebound.
2:31 of 2nd period - Stephen Weiss wins face-off versus Petr Cajanek in Canucks zone.
2:31 of 2nd period - Sergei Fedorov is hit by Rob Niedermayer and loses puck.
2:35 of 2nd period - Minor Penalty to Mike Sillinger for Holding Stick.
2:36 of 2nd period - Todd Marchant wins face-off versus Stephen Weiss in neutral zone.
3:08 of 2nd period - Shot by Stephen Weiss.
3:08 of 2nd period - Stopped by Jean-Sebastien Giguere without a rebound.
3:09 of 2nd period - Todd Marchant wins face-off versus Robert Lang in Ducks zone.
3:35 of 2nd period - Icing by Ron Hainsey.
3:36 of 2nd period - Mike Fisher wins face-off versus Robert Lang in Canucks zone.
3:47 of 2nd period - Shot by Mike Fisher.
3:47 of 2nd period - Deflect By Todd Marchant.
3:47 of 2nd period - Stopped by Evgeni Nabokov without a rebound.
3:48 of 2nd period - Stephen Weiss wins face-off versus Paul Stastny in Canucks zone.
4:41 of 2nd period - Nikolai Zherdev is hit by Mike Sillinger and loses puck.
4:52 of 2nd period - Shot by Mike Sillinger.
4:52 of 2nd period - Stopped by Evgeni Nabokov with a rebound.
4:55 of 2nd period - Minor Penalty to Nikolai Zherdev for Hooking.
4:56 of 2nd period - Radek Bonk wins face-off versus Henrik Sedin in Canucks zone.
5:08 of 2nd period - Shot by Chris Pronger.
5:08 of 2nd period - Stopped by Evgeni Nabokov without a rebound.
5:09 of 2nd period - Paul Stastny wins face-off versus Matt Cullen in Canucks zone.
5:12 of 2nd period - Shot by Scott Niedermayer.
5:12 of 2nd period - Stopped by Evgeni Nabokov without a rebound.
5:13 of 2nd period - Radek Bonk wins face-off versus Henrik Sedin in Canucks zone.
5:13 of 2nd period - Radek Bonk is hit by Daniel Sedin.
5:30 of 2nd period - Henrik Sedin is hit by Anders Eriksson and loses puck.
6:07 of 2nd period - Radek Bonk is hit by Bryan Allen and loses puck.
6:57 of 2nd period - Shot by Francois Beauchemin.
6:57 of 2nd period - Shot Misses the Net.
7:00 of 2nd period - Icing by Ed Jovanovski.
7:01 of 2nd period - Alexei Kovalev wins face-off versus Todd Marchant in Canucks zone.
7:01 of 2nd period - Steven Reinprecht is hit by Travis Green and loses puck.
7:03 of 2nd period - Steven Reinprecht is hit by Todd Marchant.
7:08 of 2nd period - Minor Penalty to Chris Pronger for High sticking.
7:09 of 2nd period - Stephen Weiss wins face-off versus Todd Marchant in Ducks zone.
7:45 of 2nd period - Mike Fisher is hit by Radim Vrbata and loses puck.
8:05 of 2nd period - Icing by Alexei Kovalev.
8:06 of 2nd period - Paul Stastny wins face-off versus Robert Lang in Canucks zone.
8:37 of 2nd period - Shot by Ron Hainsey.
8:37 of 2nd period - Shot Blocked by Marek Malik.
9:52 of 2nd period - Shot by Mike Sillinger.
9:52 of 2nd period - Shot Misses the Net.
9:56 of 2nd period - Shot by Rob Niedermayer.
9:56 of 2nd period - Stopped by Evgeni Nabokov without a rebound.
9:57 of 2nd period - Henrik Sedin wins face-off versus Radek Bonk in Canucks zone.
10:04 of 2nd period - Shot by Daniel Sedin.
10:04 of 2nd period - Stopped by Evgeni Nabokov without a rebound.
10:05 of 2nd period - Henrik Sedin wins face-off versus Radek Bonk in Canucks zone.
10:05 of 2nd period - Minor Penalty to Andrei Markov for Holding.
10:05 of 2nd period - Minor Penalty to Mike Fisher for High sticking.
10:06 of 2nd period - Robert Lang wins face-off versus Henrik Sedin in Canucks zone.
10:06 of 2nd period - Alexei Kovalev is hit by Daniel Sedin and loses puck.
10:37 of 2nd period - Shot by Daniel Sedin.
10:37 of 2nd period - Stopped by Evgeni Nabokov without a rebound.
10:38 of 2nd period - Radek Bonk wins face-off versus Paul Stastny in Canucks zone.
10:38 of 2nd period - Radek Bonk is hit by Paul Stastny.
10:52 of 2nd period - Shot by Nikolai Zherdev.
10:52 of 2nd period - Stopped by Jean-Sebastien Giguere without a rebound.
10:53 of 2nd period - Paul Stastny wins face-off versus Radek Bonk in Ducks zone.
10:53 of 2nd period - Paul Stastny is hit by Nikolai Zherdev.
11:12 of 2nd period - Paul Stastny is hit by Ron Hainsey and loses puck.
11:45 of 2nd period - Shot by Robert Lang.
11:45 of 2nd period - Stopped by Jean-Sebastien Giguere without a rebound.
11:46 of 2nd period - Robert Lang wins face-off versus Henrik Sedin in Ducks zone.
11:56 of 2nd period - Icing by Francois Beauchemin.
11:57 of 2nd period - Radek Bonk wins face-off versus Henrik Sedin in Ducks zone.
12:04 of 2nd period - Shot by Mike Commodore.
12:04 of 2nd period - Stopped by Jean-Sebastien Giguere without a rebound.
12:05 of 2nd period - Radek Bonk wins face-off versus Petr Cajanek in Ducks zone.
12:27 of 2nd period - Minor Penalty to Martin Skoula for Hooking.
12:28 of 2nd period - Henrik Sedin wins face-off versus Matt Cullen in Canucks zone.
12:41 of 2nd period - Shot by Chris Pronger.
12:41 of 2nd period - Shot Misses the Net.
12:45 of 2nd period - Shot by Henrik Sedin.
12:45 of 2nd period - Shot Misses the Net.
12:47 of 2nd period - Shot by Chris Pronger.
12:47 of 2nd period - Stopped by Evgeni Nabokov without a rebound.
12:48 of 2nd period - Paul Stastny wins face-off versus Radek Bonk in Canucks zone.
13:43 of 2nd period - Shot by Chris Pronger.
13:43 of 2nd period - Stopped by Evgeni Nabokov with a rebound.
13:47 of 2nd period - Shot by Chris Pronger.
13:47 of 2nd period - Shot Misses the Net.
13:49 of 2nd period - Shot by Daniel Sedin.
13:49 of 2nd period - Stopped by Evgeni Nabokov without a rebound.
13:50 of 2nd period - Matt Cullen wins face-off versus Henrik Sedin in Canucks zone.
14:06 of 2nd period - Mike Commodore is hit by Henrik Sedin and loses puck.
14:43 of 2nd period - Shot by Mike Sillinger.
14:43 of 2nd period - Stopped by Evgeni Nabokov with a rebound.
14:55 of 2nd period - Shot by Rob Niedermayer.
14:55 of 2nd period - Stopped by Evgeni Nabokov without a rebound.
14:56 of 2nd period - Matt Cullen wins face-off versus Paul Stastny in Canucks zone.
14:56 of 2nd period - Matt Cullen is hit by Tuomo Ruutu.
15:38 of 2nd period - Andrew Brunette is hit by Matt Cullen and loses puck.
15:55 of 2nd period - Off-side.
15:56 of 2nd period - Henrik Sedin wins face-off versus Stephen Weiss in neutral zone.
15:58 of 2nd period - Off-side.
15:59 of 2nd period - Stephen Weiss wins face-off versus Henrik Sedin in neutral zone.
15:59 of 2nd period - Stephen Weiss is hit by Henrik Sedin.
16:02 of 2nd period - Sergei Fedorov is hit by Scott Niedermayer.
16:11 of 2nd period - Icing by Mike Fisher.
16:12 of 2nd period - Henrik Sedin wins face-off versus Robert Lang in Ducks zone.
16:26 of 2nd period - Shot by Daniel Sedin.
16:26 of 2nd period - Shot Misses the Net.
16:30 of 2nd period - Shot by Scott Niedermayer.
16:30 of 2nd period - Stopped by Evgeni Nabokov with a rebound.
16:34 of 2nd period - Shot by Henrik Sedin.
16:34 of 2nd period - Stopped by Evgeni Nabokov without a rebound.
16:35 of 2nd period - Stephen Weiss wins face-off versus Petr Cajanek in Canucks zone.
16:39 of 2nd period - Minor Penalty to Bryan Allen for Hooking.
16:40 of 2nd period - Stephen Weiss wins face-off versus Todd Marchant in Ducks zone.
16:47 of 2nd period - Shot by Andrei Markov.
16:47 of 2nd period - Stopped by Jean-Sebastien Giguere without a rebound.
16:48 of 2nd period - Robert Lang wins face-off versus Todd Marchant in Ducks zone.
16:57 of 2nd period - Shot by Steven Reinprecht.
16:57 of 2nd period - Shot Misses the Net.
16:59 of 2nd period - Shot by Ron Hainsey.
16:59 of 2nd period - Deflect By Alexei Kovalev.
16:59 of 2nd period - Stopped by Jean-Sebastien Giguere without a rebound.
17:00 of 2nd period - Todd Marchant wins face-off versus Stephen Weiss in Ducks zone.
17:00 of 2nd period - Todd Marchant is hit by Dustin Brown.
17:16 of 2nd period - Shot by Stephen Weiss.
17:16 of 2nd period - Goal by Stephen Weiss - Ducks : 1 - Canucks : 2.
17:17 of 2nd period - Petr Cajanek wins face-off versus Matt Cullen in neutral zone.
18:10 of 2nd period - Ron Hainsey is hit by Petr Cajanek and loses puck.
18:23 of 2nd period - Minor Penalty to Rob Niedermayer for Tripping.
18:24 of 2nd period - Stephen Weiss wins face-off versus Todd Marchant in neutral zone.
18:43 of 2nd period - Shot by Andrei Markov.
18:43 of 2nd period - Shot Blocked by Scott Niedermayer.
19:05 of 2nd period - Shot by Sergei Fedorov.
19:05 of 2nd period - Stopped by Jean-Sebastien Giguere without a rebound.
19:06 of 2nd period - Robert Lang wins face-off versus Todd Marchant in Ducks zone.
19:29 of 2nd period - Shot by Paul Stastny.
19:29 of 2nd period - Deflect By Mike Fisher.
19:29 of 2nd period - Shot Misses the Net.

Period #3

0:01 of 3rd period - Todd Marchant wins face-off versus Stephen Weiss in neutral zone.
0:14 of 3rd period - Shot by Radim Vrbata.
0:14 of 3rd period - Shot Blocked by Hal Gill.
0:16 of 3rd period - Shot by Radim Vrbata.
0:16 of 3rd period - Stopped by Jean-Sebastien Giguere with a rebound.
0:18 of 3rd period - Shot by Sergei Fedorov.
0:18 of 3rd period - Shot Misses the Net.
0:20 of 3rd period - Shot by Radim Vrbata.
0:20 of 3rd period - Deflect By Dustin Brown.
0:20 of 3rd period - Shot Blocked by Scott Niedermayer.
0:24 of 3rd period - Shot by Nikolai Zherdev.
0:24 of 3rd period - Shot Misses the Net.
0:30 of 3rd period - Marek Malik is hit by Brad Richardson and loses puck.
0:46 of 3rd period - Icing by Ron Hainsey.
0:47 of 3rd period - Matt Cullen wins face-off versus Petr Cajanek in Canucks zone.
3:01 of 3rd period - Off-side.
3:02 of 3rd period - Petr Cajanek wins face-off versus Stephen Weiss in neutral zone.
3:33 of 3rd period - Rob Niedermayer is hit by Radim Vrbata and loses puck.
3:47 of 3rd period - Off-side.
3:48 of 3rd period - Robert Lang wins face-off versus Henrik Sedin in neutral zone.
4:12 of 3rd period - Shot by Daniel Sedin.
4:12 of 3rd period - Stopped by Evgeni Nabokov without a rebound.
4:13 of 3rd period - Paul Stastny wins face-off versus Radek Bonk in Canucks zone.
4:14 of 3rd period - Shot by Andrew Brunette.
4:14 of 3rd period - Stopped by Evgeni Nabokov with a rebound.
4:34 of 3rd period - Shot by Paul Stastny.
4:34 of 3rd period - Stopped by Evgeni Nabokov without a rebound.
4:35 of 3rd period - Robert Lang wins face-off versus Todd Marchant in Canucks zone.
4:50 of 3rd period - Shot by Steven Reinprecht.
4:50 of 3rd period - Stopped by Jean-Sebastien Giguere without a rebound.
4:51 of 3rd period - Henrik Sedin wins face-off versus Stephen Weiss in Ducks zone.
4:56 of 3rd period - Shot by Daniel Sedin.
4:56 of 3rd period - Stopped by Evgeni Nabokov without a rebound.
4:57 of 3rd period - Stephen Weiss wins face-off versus Henrik Sedin in Canucks zone.
4:57 of 3rd period - Stephen Weiss is hit by Mike Fisher.
6:01 of 3rd period - Minor Penalty to Steven Reinprecht for Hooking.
6:01 of 3rd period - Minor Penalty to Andrew Brunette for Hooking.
6:02 of 3rd period - Robert Lang wins face-off versus Paul Stastny in neutral zone.
6:04 of 3rd period - Off-side.
6:05 of 3rd period - Robert Lang wins face-off versus Paul Stastny in neutral zone.
6:07 of 3rd period - Off-side.
6:08 of 3rd period - Paul Stastny wins face-off versus Radek Bonk in neutral zone.
6:22 of 3rd period - Radek Bonk is hit by Mike Sillinger and loses puck.
6:34 of 3rd period - Ron Hainsey is hit by Paul Stastny and loses puck.
7:14 of 3rd period - Icing by Henrik Sedin.
7:15 of 3rd period - Robert Lang wins face-off versus Henrik Sedin in Ducks zone.
7:16 of 3rd period - Shot by Sergei Fedorov.
7:16 of 3rd period - Shot Misses the Net.
7:49 of 3rd period - Robert Lang is hit by Bryan Allen and loses puck.
9:35 of 3rd period - Tuomo Ruutu is hit by Anders Eriksson and loses puck.
9:43 of 3rd period - Anders Eriksson is hit by Tuomo Ruutu and loses puck.
9:47 of 3rd period - Ron Hainsey is hit by Chris Pronger and loses puck.
9:56 of 3rd period - Shot by Matt Cullen.
9:56 of 3rd period - Shot Blocked by Chris Pronger.
10:26 of 3rd period - Shot by Alexei Kovalev.
10:26 of 3rd period - Stopped by Jean-Sebastien Giguere without a rebound.
10:27 of 3rd period - Stephen Weiss wins face-off versus Petr Cajanek in Ducks zone.
11:02 of 3rd period - Icing by Sergei Fedorov.
11:03 of 3rd period - Henrik Sedin wins face-off versus Stephen Weiss in Canucks zone.
11:56 of 3rd period - Shot by Matt Cullen.
11:56 of 3rd period - Stopped by Jean-Sebastien Giguere without a rebound.
11:57 of 3rd period - Radek Bonk wins face-off versus Todd Marchant in Ducks zone.
11:57 of 3rd period - Radek Bonk is hit by Bryan Allen.
12:02 of 3rd period - Maxim Lapierre is hit by Ben Guite and loses puck.
12:11 of 3rd period - Shot by Todd Marchant.
12:11 of 3rd period - Deflect By Travis Green.
12:11 of 3rd period - Shot Hit the Post.
12:15 of 3rd period - Shot by Ben Guite.
12:15 of 3rd period - Shot Misses the Net.
12:53 of 3rd period - Shot by Nikolai Zherdev.
12:53 of 3rd period - Stopped by Jean-Sebastien Giguere without a rebound.
12:54 of 3rd period - Matt Cullen wins face-off versus Tuomo Ruutu in Ducks zone.
13:51 of 3rd period - Minor Penalty to Dustin Brown for Interference.
13:52 of 3rd period - Mike Fisher wins face-off versus Radek Bonk in neutral zone.
15:41 of 3rd period - Off-side.
15:42 of 3rd period - Paul Stastny wins face-off versus Alexei Kovalev in neutral zone.
15:46 of 3rd period - Off-side.
15:47 of 3rd period - Matt Cullen wins face-off versus Paul Stastny in neutral zone.
16:11 of 3rd period - Off-side.
16:12 of 3rd period - Todd Marchant wins face-off versus Stephen Weiss in neutral zone.
16:14 of 3rd period - Chris Pronger is hit by Dustin Brown and loses puck.
16:29 of 3rd period - Shot by Todd Marchant.
16:29 of 3rd period - Shot Hit the Post.
16:33 of 3rd period - Shot by Ben Guite.
16:33 of 3rd period - Shot Misses the Net.
16:35 of 3rd period - Shot by Marek Malik.
16:35 of 3rd period - Shot Misses the Net.
16:37 of 3rd period - Shot by Travis Green.
16:37 of 3rd period - Stopped by Evgeni Nabokov with a rebound.
16:52 of 3rd period - Icing by Radim Vrbata.
16:53 of 3rd period - Henrik Sedin wins face-off versus Stephen Weiss in Canucks zone.
16:57 of 3rd period - Henrik Sedin is hit by Dustin Brown and loses puck.
17:24 of 3rd period - Mike Fisher is hit by Mike Commodore and loses puck.
18:01 of 3rd period - Minor Penalty to Sergei Fedorov for Holding Stick.
18:02 of 3rd period - Matt Cullen wins face-off versus Paul Stastny in Ducks zone.
18:31 of 3rd period - Shot by Scott Niedermayer.
18:31 of 3rd period - Shot Blocked by Brad Richardson.
18:33 of 3rd period - Shot by Bryan Allen.
18:33 of 3rd period - Stopped by Evgeni Nabokov without a rebound.
18:34 of 3rd period - Henrik Sedin wins face-off versus Radek Bonk in Canucks zone.
19:11 of 3rd period - Ducks, Jean-Sebastien Giguere is pulled from the net.


Output by the SimonT Hockey Simulator (STHS) for Stephane Roy -- Original Page W3C XHTML 1.0 Valid